 Dungeon Crawl Stone Soup version 0.24-a0-619-gb7544fd (webtiles) character file.

Game seed: 3679410997661938055, levelgen mode: deterministic

353 BoppinsLewinski the Poker (level 6, -4/51 HPs)
             Began as a Centaur Fighter on Sept 16, 2019.
             Killed by divine providence
             ... invoked by an orc priest
              (12 damage)
             ... on level 4 of the Dungeon.
             The game lasted 00:06:21 (1969 turns).

BoppinsLewinski the Poker (Centaur Fighter)         Turns: 1969, Time: 00:06:21

Health: -4/51      AC:  8    Str: 19    XL:     6   Next: 35%
Magic:  6/6        EV:  5    Int:  7    God:
Gold:   96         SH:  8    Dex: 10    Spells: 5/5 levels left

rFire    . . .     SeeInvis .   a - +0 trident
rCold    . . .     Gourm    .   c - +0 shield
rNeg     . . .     Faith    .   b - +0 scale mail
rPois    .         Spirit   .   k - +0 helmet (curse)
rElec    .         Reflect  .   (no cloak)
rCorr    .         Harm     .   j - +0 pair of gloves
MR       .....                  (no barding)
Stlth    ..........             (no amulet)
HPRegen  0.17/turn              (no ring)
MPRegen  0.10/turn              (no ring)

@: very quick
A: large, hooves 3, deformed body, speed 2, tough skin 3
a: no special abilities


You were on level 4 of the Dungeon.
You were hungry.

You visited 1 branch of the dungeon, and saw 4 of its levels.

You collected 96 gold pieces.

Inventory:

Hand Weapons
 a - a +0 trident (weapon)
Armour
 b - a +0 scale mail (worn)
 c - a +0 shield (worn)
 j - a +0 pair of gloves (worn)
 k - a cursed +0 helmet (worn)
Jewellery
 h - an uncursed ring of resist corrosion {unknown}
Scrolls
 g - 3 scrolls of identify {unknown}
 i - a scroll of fog {unknown}
 o - a scroll of teleportation {unknown}
 p - a scroll of magic mapping {unknown}
Potions
 e - a potion of cancellation {unknown}
 l - a potion of haste {unknown}
 m - a potion of heal wounds {unknown}
 n - a potion of flight {unknown}
 q - 2 potions of curing {unknown}
Comestibles
 f - 6 rations


   Skills:
 - Level 3.0 Fighting
 * Level 6.2 Polearms
 - Level 2.1 Armour
 - Level 2.1 Shields


You had 5 spell levels left.
You didn't know any spells.
Your spell library was empty.

Dungeon Overview and Level Annotations

Branches:
Dungeon (4/15)
 Temple: D:4-7

Altars:
Elyvilon
Yredelemnul


Innate Abilities, Weirdness & Mutations

You have hooves in place of feet.
Armour fits poorly on your strangely shaped body.
You cover ground very quickly.
You have extremely tough skin. (AC +3)


Message History

Tha orc priest be lightly wounded.
Ye block tha orc priest's attack.
Unknown command.
Ye puncture tha orc priest!
Tha orc priest be heavily wounded.
Tha orc priest looks satisfied fer a momn't.
Unknown command.
Ye closely miss tha orc priest.
Tha orc priest be heavily wounded.
Tha orc priest mumbles some strange prayers ta Beogh against ye.
Beogh smites ye!
* * * LOW HITPOINT WARNIN'
* * * Ye block tha orc priest's attack.
Unknown command.
Yer shield prevents ye from hittin' tha orc priest.
Ye kick tha orc priest.
Tha orc priest be severely wounded.
Tha orc priest mumbles some strange prayers ta Beogh against ye.
Beogh smites ye!
Ye die...

................#
........#.#(#.#.#
................#
#+#####.#.#.#.#.#
#..............(#
#######.#.#.#.#.#
#..........#
#...##.##..#
#.#@<#... ##
#.#o)# ### #.#..#
#.#..# #..# #..#
####


You could see an orc priest.

Vanquished Creatures
  A bullfrog (D:4)
  An orc priest (D:4)
  A hound (D:4)
  4 orc wizards
  4 gnolls
  3 adders
  An ooze (D:3)
  A worm (D:4)
  A dart slug (D:2)
  2 leopard geckos (D:3)
  5 orcs
  A ball python (D:3)
  6 bats
  2 giant cockroaches
  A goblin (D:3)
  4 hobgoblins
  A quokka (D:2)
  6 frilled lizards (D:3)
  6 kobolds
  9 rats
60 creatures vanquished.

Notes
Turn   | Place    | Note
-------+----------+-------------------------------------------
     0 | D:1      | BoppinsLewinski the Centaur Fighter began the quest for the
                  | Orb.
     0 | D:1      | Reached XP level 1. HP: 19/19 MP: 1/1
    37 | D:1      | You fall into a shaft and drop 1 floor!
    40 | D:2      | Reached skill level 2 in Polearms
   258 | D:1      | Reached XP level 2. HP: 23/26 MP: 2/2
   659 | D:2      | Reached skill level 3 in Polearms
   699 | D:2      | Reached XP level 3. HP: 31/31 MP: 3/3
   866 | D:3      | Found a white marble altar of Elyvilon.
  1010 | D:3      | Found a basalt altar of Yredelemnul.
  1063 | D:3      | Reached skill level 4 in Polearms
  1063 | D:3      | Reached XP level 4. HP: 33/38 MP: 4/4
  1471 | D:3      | Reached XP level 5. HP: 37/45 MP: 5/5
  1654 | D:4      | Reached skill level 5 in Polearms
  1918 | D:4      | Reached skill level 6 in Polearms
  1918 | D:4      | Reached XP level 6. HP: 46/51 MP: 6/6
  1969 | D:4      | Killed from afar by an orc priest

Levels and vault maps discovered:
D:1:      dpeg_arrival_arbitrary_c, layout_basic
D:2:      layout_rooms, first_ration, lemuel_statue_altar
D:3:      layout_rooms, lemuel_doored_altar, kennysheep_nub, elyvilon_altar_3
D:4:      layout_basic, kiku_gazebo_pond_becter, minitemple, serial_glass,
          glass_columns_a, glass_columns_c

Skill      XL: |  1  2  3  4  5 |
---------------+----------------+-----
Polearms       | 2 3 4 6 |  6.2
Fighting       | |  3.0
Armour         | |  2.1
Shields        | |  2.1

Action                   |  1- 3 |  4- 6 || total
-------------------------+-------+-------++-------
Melee: Trident           |   113 |   106 ||   219
       Kick              |    11 |    19 ||    30
  Use: Potion            |       |     1 ||     1
  Eat: Chunk             |       |     2 ||     2
Armor: Scale mail        |    48 |    32 ||    80
Dodge: Dodged            |    22 |    32 ||    54
Block: Shield            |    30 |    31 ||    61

Table legend:
 A = Non-vault XP
 B = Vault XP
 C = Vault XP percentage of total XP
 D = Non-vault monster count
 E = Vault monster count
 F = Vault count percentage of total count
                 A         B        C        D         E       F
            +---------+---------+-------+---------+---------+-------
      Total |     505 |       0 |   0.0 |      60 |       0 |   0.0
            +---------+---------+-------+---------+---------+-------
        D:1 |      12 |       0 |   0.0 |       9 |       0 |   0.0
        D:2 |      62 |       0 |   0.0 |      15 |       0 |   0.0
        D:3 |     137 |       0 |   0.0 |      27 |       0 |   0.0
        D:4 |     294 |       0 |   0.0 |       9 |       0 |   0.0
            +---------+---------+-------+---------+---------+-------
